 Dungeon Crawl Stone Soup version 0.21-a0-264-g3e31e41 (webtiles) character file.

22 Blomdor the Magician (level 2, -1/23 HPs)
             Began as a Barachi Wizard on Sept 9, 2017.
             Slain by a leopard gecko (2 damage)
             ... on level 2 of the Dungeon.
             The game lasted 00:02:06 (1202 turns).

Blomdor the Magician (Barachi Wizard)               Turns: 1202, Time: 00:02:07

Health: -1/23      AC:  2    Str:  8    XL:     2   Next: 91%
Magic:  6/6        EV: 12    Int: 18    God:
Gold:   17         SH:  0    Dex: 10    Spells: 6/7 levels left

rFire    . . .     SeeInvis .   e - -1 spear (curse)
rCold    . . .     Gourm    .   (no shield)
rNeg     . . .     Faith    .   a - +0 robe
rPois    .         Spirit   .   b - +0 hat
rElec    .         Reflect  .   (no cloak)
rCorr    .         Harm     .   (no gloves)
MR       .....                  (no boots)
Stlth    ++........             (no amulet)
HPRegen  0.07/turn              (no ring)
MPRegen  0.10/turn              (no ring)

@: slow
A: +LOS, swims, slowness 1, strong legs 1
a: Hop


You were on level 2 of the Dungeon.
You were not hungry.

You visited 1 branch of the dungeon, and saw 2 of its levels.

You collected 17 gold pieces.

Inventory:

Hand Weapons
 e - a cursed -1 spear (weapon)
 k - a +1 dagger of pain
Armour
 a - a +0 robe (worn)
 b - a +0 hat (worn)
Scrolls
 f - a scroll of identify
Potions
 j - 2 potions of lignification {unknown}
Books
 c - a book of Minor Magic

   Spells                             Type                      Level
   a - Magic Dart                     Conjuration                  1
   b - Blink                          Translocation                2
   c - Call Imp                       Summoning                    2
   d - Slow                           Hexes                        2
   e - Conjure Flame                  Conjuration/Fire             3
   f - Mephitic Cloud                 Conjuration/Poison/Air       3
Comestibles
 d - a bread ration
 g - 2 chunks of flesh
 i - a meat ration


   Skills:
 + Level 2.9 Fighting
 - Level 2.1 Dodging
 - Level 1.7 Stealth
 - Level 3.2 Spellcasting
 - Level 1.1 Conjurations
   Level 1.2 Summonings
   Level 1.1 Translocations


You had 6 spell levels left.
You knew the following spells:

 Your Spells              Type           Power        Failure   Level  Hunger
a - Magic Dart            Conj           #...         10%         1    None


Dungeon Overview and Level Annotations

Branches:
Dungeon (2/15)

Altars:


Innate Abilities, Weirdness & Mutations

Shadows flee at your approach. (+LOS)
You can swim through water.
You cover ground slowly.
You can hop short distances.


Message History

The leopard gecko misses you.
You barely miss the leopard gecko. The leopard gecko bites you.
You hit the leopard gecko but do no damage.
The leopard gecko closely misses you.
You closely miss the leopard gecko. The leopard gecko closely misses you.
You miss the leopard gecko. The leopard gecko barely misses you.
The leopard gecko bites you.
* * * LOW HITPOINT WARNING * * *
You barely miss the leopard gecko. The leopard gecko bites you.
* * * LOW HITPOINT WARNING * * *
You barely miss the leopard gecko. The leopard gecko barely misses you.
You hit the leopard gecko but do no damage.
The leopard gecko barely misses you. The leopard gecko closely misses you.
You hit the leopard gecko.
The leopard gecko is severely wounded.
The leopard gecko closely misses you.
You miss the leopard gecko.
The leopard gecko is severely wounded.
The leopard gecko bites you.
You die...

## ### #. #.# #.###.##
###......##
#..l@.....#
.......####...########
..#.#. #...........
#.#######..#########
#...<..)...#
........######.#
#######. #.# #. #.# #.
#.#


You could see a leopard gecko.

Vanquished Creatures
  A dart slug (D:1)
  A leopard gecko (D:1)
  4 goblins (D:1)
  4 hobgoblins
  3 kobolds (D:1)
  A bat (D:1)
  4 rats (D:1)
18 creatures vanquished.

Notes
Turn   | Place    | Note
-------+----------+-------------------------------------------
     0 | D:1      | Blomdor the Barachi Wizard began the quest for the Orb.
     0 | D:1      | Reached XP level 1. HP: 13/13 MP: 4/4
   339 | D:1      | Reached skill level 1 in Fighting
   463 | D:1      | Reached XP level 2. HP: 22/22 MP: 3/6
  1198 | D:2      | HP: 1/23 [leopard gecko (4)]
  1202 | D:2      | Slain by a leopard gecko

Vault maps used:
D:1:      dpeg_arrival_chase
D:2:      roderic_roman_lattice, minmay_three_crescents, uniq_sigmund

Skill      XL: |  1 |
---------------+----+-----
Fighting       | 2 |  2.9
Dodging        | |  2.1
Stealth        | |  1.7
Spellcasting   | |  3.2
Conjurations   | |  1.1
Summonings     | |  1.2
Translocations | |  1.1

Action                   || total
-------------------------++-------
Melee: Unarmed           ||     9
       Spear             ||    64
 Cast: Magic Dart        ||    30
 Abil: Hop               ||     1
  Use: Scroll            ||     3
  Eat: Chunk             ||     1
Armor: Robe              ||     5
Dodge: Dodged            ||    46

Table legend:
 A = Spawn XP
 B = Non-spawn XP
 C = Spawn XP percentage of total XP
 D = Spawn monster count
 E = Non-spawn monster count
 F = Spawn count percentage of total count
 G = Total turns spent on level
                    A         B        C        D         E        F      G
               +---------+---------+-------+---------+---------+-------+---------
         Total |       0 |      32 |   0.0 |       0 |      18 |   0.0 |  1202
               +---------+---------+-------+---------+---------+-------+---------
           D:1 |       0 |      30 |   0.0 |       0 |      17 |   0.0 |  1172
           D:2 |       0 |       2 |   0.0 |       0 |       1 |   0.0 |    30
               +---------+---------+-------+---------+---------+-------+---------
